 Dungeon Crawl Stone Soup version 0.21-a0-630-g344d351 (webtiles) character file.

25 KristoblXynda the Charmwright (level 2, 0/14 HPs)
             Began as a Spriggan Skald on Dec 25, 2017.
             Slain by an adder (5 damage)
             ... on level 2 of the Dungeon.
             The game lasted 00:02:06 (834 turns).

KristoblXynda the Charmwright (Spriggan Skald)       Turns: 834, Time: 00:02:07

Health: 0/14       AC:  2    Str:  7    XL:     2   Next: 86%
Magic:  6/6        EV: 19    Int: 14    God:
Gold:   26         SH:  0    Dex: 15    Spells: 5/6 levels left

rFire    . . .     SeeInvis +   h - +0 short sword (venom)
rCold    . . .     Gourm    .   (shield restricted)
rNeg     . . .     Faith    .   b - +0 robe
rPois    .         Spirit   .   (helmet restricted)
rElec    .         Reflect  .   (no cloak)
rCorr    .         Harm     .   (gloves unavailable)
MR       .....                  (boots unavailable)
Stlth    +.........             (no amulet)
HPRegen  0.04/turn              f - ring of flight
MPRegen  0.10/turn              (no ring)

@: very quick
A: very small, unfitting armour, see invisible, herbivore, speed 3, slow
metabolism 2
a: Evoke Flight


You were on level 2 of the Dungeon.
You were not hungry.

You visited 1 branch of the dungeon, and saw 2 of its levels.

You collected 26 gold pieces.

Inventory:

Hand Weapons
 h - a +0 short sword of venom (weapon)
Armour
 b - a +0 robe (worn)
Jewellery
 f - a ring of flight (left hand)
Scrolls
 g - 2 scrolls of identify {unknown}
 i - a scroll of remove curse
 j - a scroll of teleportation {unknown}
 k - 2 scrolls of immolation {unknown}
 l - a scroll of blinking {unknown}
 n - a scroll of fear {unknown}
 o - a scroll of amnesia {unknown}
Potions
 a - a potion of degeneration {unknown}
 e - 2 potions of curing {unknown}
 m - a potion of heal wounds {unknown}
Books
 c - a book of Battle

   Spells                             Type                      Level
   a - Infusion                       Charms                       1
   b - Shroud of Golubria             Charms/Translocation         2
   c - Song of Slaying                Charms                       2
   d - Spectral Weapon                Hexes/Charms                 3
   e - Regeneration                   Charms/Necromancy            3
Comestibles
 d - 4 rations


   Skills:
 - Level 1.5 Fighting
 + Level 2.8 Short Blades
 + Level 4.2 Dodging
 - Level 2.6 Spellcasting
 + Level 5.0 Charms


You had 5 spell levels left.
You knew the following spells:

 Your Spells              Type           Power        Failure   Level  Hunger
a - Infusion              Chrm           ###.         2%          1    #......


Dungeon Overview and Level Annotations

Branches:
Dungeon (2/15)

Altars:


Innate Abilities, Weirdness & Mutations

You are very small and have problems with some larger weapons.
You are too small for most types of armour.
You have supernaturally acute eyesight. (SInv)
You are a herbivore.
You cover ground extremely quickly.
You need consume almost no food.


Message History

You hit the adder.
The adder is moderately wounded.
The adder misses you.
You miss the adder.
The adder is moderately wounded.
The adder misses you.
You barely miss the adder.
The adder is moderately wounded.
The adder completely misses you.
You closely miss the adder.
The adder is severely wounded.
The adder barely misses you.
You barely miss the adder.
The adder is severely wounded.
The adder barely misses you. The adder bites you.
* * * LOW HITPOINT WARNING * * *
You miss the adder.
The adder is heavily wounded.
The adder bites you.
You die...

.......)....>.....##.#.....#
.........[......###......#.#
.................##.#.#.##.#
.................##.#...##.#
...........>...รท.==...####.#
................#...#.# #.##
....#<............#.#.# #..#
.##............##...# ##.#
##.........S@....### #.##
#.......#.....[...## #..#
......?.....####..####.####
#..........## ##....#....#
#...........#######.####.#
#.....#.......### #...##..
#.....#.......... ###.....
.....#.......... ###... ..^
#..<....... ##..


You could see an adder.

Vanquished Creatures
  An adder (D:2)
  A dart slug (D:1)
  2 giant cockroaches (D:1)
  A hobgoblin (D:2)
  A ball python (D:2)
  2 bats (D:1)
  3 frilled lizards
  3 goblins
  3 kobolds (D:1)
  A rat (D:1)
18 creatures vanquished.

Notes
Turn   | Place    | Note
-------+----------+-------------------------------------------
     0 | D:1      | KristoblXynda the Spriggan Skald began the quest for the Orb.
     0 | D:1      | Reached XP level 1. HP: 10/10 MP: 5/5
   219 | D:1      | Reached XP level 2. HP: 14/14 MP: 6/6
   652 | D:2      | Reached skill level 5 in Charms
   834 | D:2      | Slain by an adder

Vault maps used:
D:1:      minmay_arrival_glassed_features, lemuel_old_faithful
D:2:      lemuel_round_altar, old_standard_altar, first_ration,
          okawaru_gym_becter, uniq_natasha

Skill      XL: |  1  2 |
---------------+-------+-----
Dodging        | 4 |  4.2
Charms         | 5 |  5.0
Fighting       | |  1.5
Short Blades   | |  2.8
Spellcasting   | |  2.6

Action                   || total
-------------------------++-------
Melee: Short sword       ||    71
 Cast: Infusion          ||     1
  Use: Scroll            ||     2
 Stab: Sleeping          ||     1
Armor: Robe              ||     6
Dodge: Dodged            ||    51

Table legend:
 A = Spawn XP
 B = Non-spawn XP
 C = Spawn XP percentage of total XP
 D = Spawn monster count
 E = Non-spawn monster count
 F = Spawn count percentage of total count
 G = Total turns spent on level
                    A         B        C        D         E        F      G
               +---------+---------+-------+---------+---------+-------+---------
         Total |       0 |      37 |   0.0 |       0 |      18 |   0.0 |   834
               +---------+---------+-------+---------+---------+-------+---------
           D:1 |       0 |      18 |   0.0 |       0 |      12 |   0.0 |   520
           D:2 |       0 |      19 |   0.0 |       0 |       6 |   0.0 |   314
               +---------+---------+-------+---------+---------+-------+---------
